 Dungeon Crawl Stone Soup version 0.17.1-3-g152610e (webtiles) character file.

1273 Goblin1989 the Cleaver (level 8, -3/62 HPs)
             Began as a Hill Orc Gladiator on Mar 21, 2016.
             Slain by an ogre
             ... wielding a +0 giant club
              (14 damage)
             ... on level 6 of the Dungeon.
             The game lasted 00:19:45 (5776 turns).

Goblin1989 the Cleaver (Hill Orc Gladiator)         Turns: 5776, Time: 00:19:45

Health: -3/62      AC:  7    Str: 20      XL:     8   Next: 53%
Magic:  8/8        EV: 11    Int:  7 (8)  God:
Gold:   264        SH:  0    Dex: 14      Spells: 0 memorised, 7 levels left

rFire  . . .     SeeInvis +     a - +0 war axe
rCold  . . .     Clarity  .     n - +0 ring mail
rNeg   . . .     SustAt   .     (no shield)
rPois  .         Gourm    .     c - +0 helmet
rElec  .         Spirit   .     (no cloak)
rCorr  +         Warding  .     l - +0 pair of gloves
rMut   .         Stasis   .     (no boots)
MR     .....                    w - amulet of resist corrosion
Stlth  +.........               k - +3 ring of dexterity
                                j - ring of see invisible

@: not resistant to hostile enchantments, very unstealthy
A: no striking features
a: no special abilities


You were on level 6 of the Dungeon.
You were hungry.

You visited 1 branch of the dungeon, and saw 6 of its levels.

You collected 264 gold pieces.

Inventory:

Hand Weapons
 a - a +0 war axe (weapon)
Armour
 b - a +0 leather armour
 c - a +0 helmet (worn)
 l - a +0 pair of gloves (worn)
 n - a +0 ring mail (worn)
 C - a +0 plate armour
Jewellery
 j - a ring of see invisible (left hand)
 k - a +3 ring of dexterity (right hand)
 w - an amulet of resist corrosion (around neck)
Wands
 g - a wand of teleportation (0)
Scrolls
 h - 3 scrolls of identify
 p - a scroll of teleportation {unknown}
 q - 3 scrolls of immolation {unknown}
 x - 2 scrolls of blinking {unknown}
 y - 2 scrolls of enchant armour {unknown}
 D - 2 scrolls of remove curse
Potions
 i - a potion of resistance {unknown}
 o - a potion of curing
Comestibles
 e - 5 bread rations
 f - 2 slices of pizza
 m - 5 meat rations
 r - 2 beef jerkies
 E - 2 fruits


   Skills:
 - Level 2.4 Fighting
 + Level 13.1 Axes
 - Level 1.7 Throwing
 - Level 2.4 Dodging


You had 7 spell levels left.
You didn't know any spells.

Dungeon Overview and Level Annotations

Branches:
Dungeon (6/15)
 Temple: D:4-7

Altars:
Ashenzari
Kikubaaqudgha
Makhleb
Trog

Shops:
D:5 !   D:6 *

Annotations:
D:5 Prince Ribbit


Message History

The ogre is severely wounded.
The ogre hits you with a giant club.
You hit the ogre.
The ogre is severely wounded.
An orc comes into view. It is wielding a flail.
You barely miss the ogre.
The ogre is severely wounded.
The ogre hits you with a giant club!!
* * * LOW HITPOINT WARNING * * *
You hear a shout!
An orc comes into view. It is wielding a hand axe.
You hit the ogre but do no damage.
The ogre is severely wounded.
The ogre closely misses you.
Drink which item? (? for menu, Esc to quit)
Okay, then.
You slash the ogre!
The ogre is almost dead.
The ogre hits you with a giant club!
You die...

####### ##### ####### #.....#
....# #.....# #.....#
###.##########.....####.....####
............o.oO@..........>...#
##.......##.##........#.....##.##
####.....##.##........######.....
#.....##.##........# #.#..#
#.....##.####......# ##.#..#
#.....##.# #......# #.....#
#.....##.# ###.#### ##.....
##..#.##.## #.# ###.##.#
#..#.....## #.# #......#


You could see an ogre and 2 orcs.

Vanquished Creatures
  Sigmund (D:2)
  An ogre (D:4)
  A centaur (D:5)
  A giant frog (D:6)
  A gnoll sergeant (D:4)
  2 scorpions (D:4)
  2 giant frog zombies (D:5)
  3 hounds
  4 iguanas
  3 orc wizards (D:5)
  2 worker ants
  Natasha (thrice) (D:4)
  A worker ant zombie (D:5)
  8 adders
  9 gnolls
  2 shadow imps
  2 oozes
  4 giant geckos
  12 orcs
  4 bats
  2 giant cockroaches (D:2)
  7 goblins
  7 hobgoblins
  9 jackals
  4 quokkas
  A ball python (D:1)
  A giant cockroach zombie (D:5)
  2 giant gecko skeletons
  4 giant newts
  9 kobolds
  7 rats
  A rat zombie (D:3)
120 creatures vanquished.

Notes
Turn   | Place    | Note
--------------------------------------------------------------
     0 | D:1      | Goblin1989 the Hill Orc Gladiator began the quest for the Orb.
     0 | D:1      | Reached XP level 1. HP: 18/18 MP: 1/1
   111 | D:1      | Reached XP level 2. HP: 23/25 MP: 2/2
   488 | D:1      | Reached skill level 5 in Axes
   719 | D:2      | Reached XP level 3. HP: 27/30 MP: 3/3
   917 | D:2      | Reached skill level 6 in Axes
   932 | D:2      | Reached XP level 4. HP: 33/37 MP: 4/4
  1070 | D:2      | Noticed Sigmund
  1080 | D:2      | Killed Sigmund
  1080 | D:2      | Reached skill level 8 in Axes
  1080 | D:2      | Reached XP level 5. HP: 42/42 MP: 5/5
  1327 | D:2      | Reached XP level 6. HP: 42/50 MP: 6/6
  1374 | D:2      | Found a burning altar of Makhleb.
  1644 | D:3      | Reached skill level 9 in Axes
  2036 | D:3      | Found an ancient bone altar of Kikubaaqudgha.
  2610 | D:4      | Reached skill level 10 in Axes
  2610 | D:4      | Reached XP level 7. HP: 22/56 MP: 7/7
  3168 | D:4      | Noticed Natasha
  3172 | D:4      | Killed Natasha
  3392 | D:4      | Noticed Natasha
  3401 | D:4      | Killed Natasha
  3416 | D:4      | Reached skill level 11 in Axes
  3681 | D:4      | Noticed Natasha
  3691 | D:4      | Killed Natasha
  3731 | D:5      | Entered Level 5 of the Dungeon
  3789 | D:5      | Found a shattered altar of Ashenzari.
  3957 | D:5      | Found Muosoh's Distillery.
  3961 | D:5      | Noticed Prince Ribbit
  4447 | D:4      | Reached XP level 8. HP: 57/62 MP: 8/8
  4767 | D:4      | Reached skill level 12 in Axes
  5254 | D:5      | Found a bloodstained altar of Trog.
  5569 | D:6      | Reached skill level 13 in Axes
  5575 | D:6      | Found Linefoal's General Store.
  5776 | D:6      | Slain by an ogre

Action                   |  1- 3 |  4- 6 |  7- 9 || total
-------------------------+-------+-------+-------++-------
Melee: War axe           |    83 |   133 |   227 ||   443
Throw: Throwing net      |       |       |     3 ||     3
  Use: Scroll            |     1 |     7 |       ||     8
       Potion            |       |     3 |     8 ||    11
 Stab: Held in net/web   |       |       |     1 ||     1
  Eat: Chunk             |       |     5 |    10 ||    15
